 Dungeon Crawl Stone Soup version 0.18.1-48-g4cf74bf (webtiles) character file.

133 Inkary the Shield-Bearer (level 5, 0/43 HPs)
             Began as a Formicid Fighter on Aug 25, 2016.
             Was an Initiate of Okawaru.
             Succumbed to a kobold's poison
             ... on level 3 of the Dungeon.
             The game lasted 00:02:30 (1925 turns).

Inkary the Shield-Bearer (Formicid Fighter)         Turns: 1925, Time: 00:02:31

Health: 0/43       AC:  7    Str: 20    XL:     5   Next: 40%
Magic:  5/5        EV:  8    Int: 13    God:    Okawaru [......]
Gold:   128        SH:  9    Dex: 11    Spells: 0 memorised, 4 levels left

rFire  . . .     SeeInvis +     r - +0 spear
rCold  . . .     Gourm    .     b - +0 scale mail
rNeg   . . .     Faith    .     c - +0 shield
rPois  .         Spirit   .     (helmet unavailable)
rElec  .         Dismiss  .     (no cloak)
rCorr  .         Reflect  .     (no gloves)
SustAt .         Harm     .     (no boots)
MR     .....                    (no amulet)
Stlth  ..........               (no ring)
                                (no ring)

@: brilliant, lethally poisoned (0 -> -19), flying, invisible, not resistant to
hostile enchantments, extremely unstealthy
A: permanent stasis, dig shafts and tunnels, four strong arms, antennae 3
a: Dig, Shaft Self, Renounce Religion


You were on level 3 of the Dungeon.
You worshipped Okawaru.
Okawaru was noncommittal.
You were near starving.

You visited 1 branch of the dungeon, and saw 3 of its levels.

You collected 128 gold pieces.

Inventory:

Hand Weapons
 r - a +0 spear (weapon)
Missiles
 s - 4 poisoned javelins (quivered)
Armour
 b - a +0 scale mail (worn)
 c - a +0 shield (worn)
Jewellery
 n - a cursed ring of teleportation {unknown}
Scrolls
 g - 2 scrolls of recharging {unknown}
 j - 3 scrolls of identify {unknown}
 k - 2 scrolls of remove curse {unknown}
 l - 2 scrolls of teleportation {unknown}
 o - a scroll of magic mapping {unknown}
 p - a scroll of enchant armour {unknown}
 q - a scroll of noise {unknown}
Potions
 a - a potion of flight
 d - a potion of might
 i - a potion of agility {unknown}
 m - a potion of berserk rage
Comestibles
 f - a bread ration
 h - 2 beef jerkies


   Skills:
 + Level 4.3 Fighting
 + Level 1.1(1.9) Polearms
   Level 2.4(2.6) Staves
 + Level 4.2 Armour
 + Level 4.6 Shields


You had 4 spell levels left.
You didn't know any spells.

Dungeon Overview and Level Annotations

Branches:
Dungeon (3/15)

Altars:
Cheibriados
Okawaru


Innate Abilities, Weirdness & Mutations

You are under a permanent stasis effect.
You can dig through walls and to a lower floor.
Your four strong arms can wield two-handed weapons with a shield.
You have a pair of large antennae on your head (SInv).


Message History

It was a potion of flight.
You feel very buoyant.
You fly up into the air.
* * * LOW HITPOINT WARNING * * *
You feel sick.
Drink which item? (? for menu, Esc to quit)
It was a potion of brilliance.
You feel clever all of a sudden.
You are near starving!
* * * LOW HITPOINT WARNING * * *
You feel sick.
Drink which item? (? for menu, Esc to quit)
It was a potion of berserk rage.
You cannot go berserk while under stasis.
* * * LOW HITPOINT WARNING * * *
You feel sick.
Drink which item? (? for menu, Esc to quit)
It was a potion of invisibility.
You fade into invisibility!
You die...

.############.
............. ##
............# ..
............+
............#
............#
............#
$......@....#
.......(....#
........(...#
.......(....# #
.......(....# #
########'#### #
#.# #######
################.#
#......
#................#
#.#####


There were no monsters in sight!

Vanquished Creatures
  5 gnolls
  2 adders
  2 worms
  3 dart slugs
  3 giant geckos (D:1)
  A ball python (D:1)
  5 bats
  2 giant cockroaches (D:2)
  9 hobgoblins
  2 jackals (D:2)
  3 giant newts
  7 goblins
  6 kobolds
  3 rats
53 creatures vanquished.

Notes
Turn   | Place    | Note
--------------------------------------------------------------
     0 | D:1      | Inkary the Formicid Fighter began the quest for the Orb.
     0 | D:1      | Reached XP level 1. HP: 18/18 MP: 1/1
   180 | D:1      | Reached XP level 2. HP: 24/24 MP: 2/2
   332 | D:1      | Reached XP level 3. HP: 18/30 MP: 3/3
   968 | D:2      | Reached XP level 4. HP: 33/37 MP: 4/4
  1314 | D:2      | Reached XP level 5. HP: 14/42 MP: 5/5
  1618 | D:2      | Reached skill level 1 in Polearms
  1792 | D:2      | Found an iron altar of Okawaru.
  1797 | D:2      | Became a worshipper of Warmaster Okawaru
  1819 | D:3      | Found a snail-covered altar of Cheibriados.
  1924 | D:3      | HP: 2/43 [poisoned by a kobold]
  1925 | D:3      | Succumbed to a kobold's poison

Skill      XL: |  1  2  3  4  5 |
---------------+----------------+-----
Shields        | 4 |  4.6
Fighting       | 4 |  4.3
Armour         | 4 |  4.2
Polearms       | 1 |  1.1
Staves         | |  2.4

Action                   |  1- 3 |  4- 6 || total
-------------------------+-------+-------++-------
Melee: Quarterstaff      |    82 |    19 ||   101
       Spear             |       |    90 ||    90
Throw: Javelin           |       |     6 ||     6
  Use: Potion            |       |     4 ||     4
  Eat: Chunk             |       |     2 ||     2
Armor: Scale mail        |    28 |    44 ||    72
Dodge: Dodged            |    26 |    47 ||    73
Block: Shield            |    29 |    57 ||    86
